 Dungeon Crawl Stone Soup version 0.27-a0-345-g7370b58738 (console) character file.

Game seed: 15072843187315231188

55 Garrluk the Changer (level 3, -2/28 HPs)
             Began as a Draconian Transmuter on Feb 15, 2021.
             Slain by an adder (5 damage)
             ... on level 2 of the Dungeon.
             The game lasted 00:05:15 (1357 turns).

Garrluk the Changer (Draconian Transmuter)          Turns: 1357, Time: 00:05:16

Health: -2/28      AC:  5    Str: 12    XL:     3   Next: 67%
Magic:  7/7        EV: 12    Int: 14    God:
Gold:   146        SH:  0    Dex: 11    Spells: 6/7 levels left

rFire    . . .     SeeInvis .     - Unarmed
rCold    . . .     Faith    .   (no shield)
rNeg     . . .     Spirit   .   (armour unavailable)
rPois    .         Reflect  .   (helmet currently unavailable)
rElec    .         Harm     .   (no cloak)
rCorr    .         Rampage  .   (no gloves)
Will     .....                  (boots currently unavailable)
Stlth    +.........             (no amulet)
HPRegen  0.09/turn              (no ring)
MPRegen  0.10/turn              (no ring)

@: appendages (expiring)
A: unfitting armour, horns 2, talons 2, cold-blooded, AC +5
a: End Transformation


You were on level 2 of the Dungeon.
You had grown temporary horns.
You had grown temporary talons.
You visited 1 branch of the dungeon, and saw 3 of its levels.

You collected 146 gold pieces.

Notes
Turn   | Place    | Note
-------+----------+-------------------------------------------
     0 | D:1      | Garrluk the Draconian Transmuter began the quest for the
                  | Orb.
     0 | D:1      | Reached XP level 1. HP: 16/16 MP: 3/3
   231 | D:1      | Reached XP level 2. HP: 23/23 MP: 3/5
   800 | D:2      | Reached XP level 3. HP: 26/28 MP: 4/6
   830 | D:3      | Found a runed translucent gate.
   830 | D:3      | Found a runed translucent gate.
   830 | D:3      | Found a runed translucent gate.
   830 | D:3      | Noticed a kobold brigand
   830 | D:3      | Noticed ReteAZ's ghost (amateur GnFi)
  1357 | D:2      | Slain by an adder

Inventory:

Missiles
 f - 24 stones
Scrolls
 b - 2 scrolls of identify {unknown}
 c - 2 scrolls of teleportation {unknown}
 e - a scroll of fear {unknown}
Potions
 a - 2 potions of degeneration {unknown}
 d - a potion of curing {unknown}
 g - a potion of brilliance {unknown}
 h - a potion of resistance {unknown}

Table legend: (Time is in decaauts)
 A = Elapsed time spent in this place.
 B = Non-inter-level travel time spent in this place.
 C = Inter-level travel time spent in this place.
 D = Time resting spent in this place.
 E = Time spent auto-exploring this place.
 F = Levels seen in this place.
 G = Mean time per level.
                   A        B        C        D        E       F      G
               +--------+--------+--------+--------+--------+-----+--------+
         Total |   1356 |   1323 |     33 |    214 |    225 |   3 |  452.0 |
       Dungeon |   1356 |   1323 |     33 |    214 |    225 |   3 |  452.0 |
               +--------+--------+--------+--------+--------+-----+--------+

Top non-repeatable levels by time:
     D:1: 788 daAuts
     D:2: 485 daAuts
     D:3: 82 daAuts


   Skills:
 - Level 1.1 Fighting
 - Level 1.7 Dodging
 - Level 3.0 Unarmed Combat
 + Level 2.7 Spellcasting
 * Level 3.5 Transmutations


You had 6 spell levels left.
You knew the following spells:

 Your Spells              Type           Power        Failure   Level
a - Beastly Appendage     Tmut           22%          5%          1

Your spell library contained the following spells:

 Spells                   Type           Power        Failure   Level
 Wereblood                Tmut           11%          8%          2
 Spider Form              Tmut/Pois      3%           32%         3
 Ice Form                 Ice/Tmut       6%           71%         4
 Blade Hands              Tmut           5%           82%         5


Dungeon Overview and Level Annotations

Branches:
Dungeon (3/15)

Altars:

Annotations:
D:3 3 runed translucent doors, ReteAZ's ghost, amateur GnFi


Innate Abilities, Weirdness & Mutations

Your plain brown scales are hard. (AC +5)
You cannot fit into any form of body armour.
You are cold-blooded and may be slowed by cold attacks.
You have a pair of horns on your head.
You have razor-sharp toenails.


Message History

A goblin comes into view. It is wielding a +0 club.
The goblin shouts!
Found a stone staircase leading down.
You see here a giant cockroach corpse.
The goblin unwields a +0 club.
The goblin wields a +1 hunting sling of flaming.
It bursts into flame!
The goblin shoots a stone.
The stone barely misses you.
The stone hits the gnoll.
The stone burns the gnoll.
The gnoll shouts!
You hear an angry hiss.
An adder comes into view.
The goblin shoots a stone.
The stone hits you but does no damage.
You hear a shout!
The gnoll shouts!
The goblin shoots a stone.
The stone hits you but does no damage.
A rat comes into view.
The gnoll shouts!
A rat comes into view.
A dart slug comes into view.
An adder comes into view.
A bat comes into view.
The goblin shoots a stone.
The stone hits you but does no damage.
Your transformation is almost over.
The gnoll drinks a potion.
The gnoll seems to speed up.
The bat completely misses you.
The goblin unwields a +1 hunting sling of flaming.
It stops flaming.
The goblin wields a +0 club.
The goblin barely misses you. The gnoll hits you but does no damage.
You barely miss the gnoll.
The adder hisses angrily.
Your headbutt misses the gnoll. The bat hits you.
The gnoll hits you but does no damage. The goblin hits you but does no damage.
The gnoll closely misses you. The gnoll misses you.
You can't go down here!
Unknown command.
The bat hits you but does no damage. The rat bites you but does no damage.
The bat barely misses you. The gnoll hits you with a +0 flail!
* * * LOW HITPOINT WARNING * * *
The rat misses you. The gnoll hits you.
* * * LOW HITPOINT WARNING * * *
The bat closely misses you. The bat misses you. The gnoll hits you.
* * * LOW HITPOINT WARNING * * *
The rat closely misses you. The adder misses you.
You hit the bat.
You kill the bat!
The gnoll closely misses you. The adder bites you.
You die...

..#.#..S...#
#.#†#<#
#.###.#.###.#
#...........#
######..#####
#.......######
#.###.g........
#gg........
#ggS.......
#Sr.r......
#@gg.......
#.S.w......
#..........
..........
..........
..........
##........
#........


You could see 6 gnolls, 3 adders, a dart slug, a goblin and 2 rats.

Table legend:
 A = Kills in this place as a percentage of kills in entire the game.
 B = Kills by you in this place as a percentage of kills by you in the entire game.
 C = Kills by friends in this place as a percentage of kills by friends in the entire game.
 D = Other kills in this place as a percentage of other kills in the entire game.
 E = Experience gained in this place as a percentage of experience gained in the entire game.
 F = Experience gained in this place divided by the number of levels of this place that you have seen.
                   A       B       C       D       E      F
               +-------+-------+-------+-------+-------+----------------------
         Total | 100.0 | 100.0 |   N/A |   N/A | 100.0 |  26.7
       Dungeon | 100.0 | 100.0 |   N/A |   N/A | 100.0 |  26.7
               +-------+-------+-------+-------+-------+----------------------

Vanquished Creatures
  Monster Symbol All 'B'
  A giant cockroach (D:2)
1 creature vanquished. All 'K' 2 kobolds
2 creatures vanquished. All 'P' 2 fungi (D:3) 2 plants (D:3)
4 creatures vanquished. All 'S' An adder (D:2) A ball python (D:2)
2 creatures vanquished. All 'b' 5 bats
5 creatures vanquished. All 'g' A gnoll (D:1) 3 goblins (D:1) 4 hobgoblins
8 creatures vanquished. All 'l' 2 leopard geckos A frilled lizard (D:1)
3 creatures vanquished. All 'r' A quokka (D:3) 5 rats
6 creatures vanquished. All 'w' A worm (D:2) A dart slug (D:2)
2 creatures vanquished.
33 creatures vanquished. Monster Nature Natural Monsters An adder (D:2) A gnoll (D:1) A worm (D:2) A dart slug (D:2) 2 leopard geckos A ball python (D:2) 5 bats A giant cockroach (D:2) 3 goblins (D:1) 4 hobgoblins 2 kobolds A quokka (D:3) A frilled lizard (D:1) 5 rats
29 creatures vanquished. Plants 2 fungi (D:3) 2 plants (D:3)
4 creatures vanquished.
33 creatures vanquished. Ascending Order An adder (D:2) A gnoll (D:1) A worm (D:2) A dart slug (D:2) A quokka (D:3) A ball python (D:2) A giant cockroach (D:2) A frilled lizard (D:1) 2 leopard geckos 2 kobolds 2 fungi (D:3) 2 plants (D:3) 3 goblins (D:1) 4 hobgoblins 5 bats 5 rats
33 creatures vanquished.

Action                   || total
-------------------------++-------
Melee: Unarmed           ||    81
       Headbutt          ||    15
       Kick              ||    13
       Tailslap          ||     7
       Punch             ||     1
 Cast: Beastly Appendage ||    22
 Stab: Sleeping          ||     2
Armor: Skin              ||    38
Dodge: Dodged            ||    80
